 Dungeon Crawl Stone Soup version 0.26.0-15-gc6cd9f7 (webtiles) character file.

Game seed: 7035635053846744719

63 MercyWheel the Sneak (level 4, -2/29 HPs)
             Began as an Octopode Wanderer on Jan 23, 2021.
             Killed from afar by an orc wizard (12 damage)
             ... with a puff of flame
             ... on level 4 of the Dungeon.
             The game lasted 00:01:56 (1244 turns).

MercyWheel the Sneak (Octopode Wanderer)            Turns: 1244, Time: 00:01:57

Health: -2/29      AC:  1    Str: 11    XL:     4   Next: 10%
Magic:  4/4        EV: 13    Int: 14    God:
Gold:   105        SH:  0    Dex: 12    Spells: 3/3 levels left

rFire    . . .     SeeInvis .   a - +2 spear
rCold    . . .     Faith    .   (no shield)
rNeg     . . .     Spirit   .   (helmet restricted)
rPois    .         Reflect  .   (no amulet)
rElec    .         Harm     .   d - ring of resist corrosion
rCorr    +         Rampage  .   (no ring)
Will     .....                  (no ring)
Stlth    +++.......             (no ring)
HPRegen  0.09/turn              (no ring)
MPRegen  0.09/turn              (no ring)
                                (no ring)
                                (no ring)

@: no status effects
A: almost no armour, stealthy swim, amphibious, 8 rings, constrict 8, camouflage
1, gelatinous body 1
a: no special abilities


You were on level 4 of the Dungeon.
You visited 1 branch of the dungeon, and saw 4 of its levels.

You collected 105 gold pieces.

Inventory:

Hand Weapons
 a - a +2 spear (weapon)
 c - a +0 dagger
Jewellery
 d - a ring of resist corrosion (left tentacle)
Wands
 m - a wand of flame (20)
Scrolls
 b - 2 scrolls of teleportation
 e - a scroll of random uselessness {unknown}
 f - a scroll of remove curse {unknown}
 h - a scroll of amnesia {unknown}
 k - 2 scrolls of identify {unknown}
Potions
 g - a potion of might {unknown}
 i - 2 potions of degeneration {unknown}
 j - a potion of flight {unknown}
 l - a potion of magic {unknown}


   Skills:
 - Level 2.0 Fighting
 - Level 3.0 Polearms
 + Level 2.3 Dodging
 - Level 3.8 Stealth
 - Level 2.0 Unarmed Combat
 - Level 1.1 Evocations


You had 3 spell levels left.
You didn't know any spells.
Your spell library was empty.

Dungeon Overview and Level Annotations

Branches:
Dungeon (4/15)
 Temple: D:4-7

Altars:
Okawaru


Innate Abilities, Weirdness & Mutations

You cannot wear most types of armour.
You are very stealthy in the water. (Stealth+)
You are amphibious.
You can wear up to eight rings at the same time.
You can use your tentacles to constrict eight enemies at once.
Your skin changes colour to match your surroundings (Stealth+).
Your rubbery body absorbs attacks. (AC +1, EV +1)


Message History

The orc priest invokes the aid of Beogh against you.
Pain shoots through your body! The orc hits you with a +0 hand axe.
You hit the orc priest.
The orc priest is moderately wounded.
You constrict something.
You constrict the orc priest, but do no damage.
You hear some strange, mumbled words.
Something tries to affect you, but you resist.
The orc priest mumbles some strange prayers to Beogh against you.
Pain shoots through your body!
You hit the orc priest but do no damage.
You squeeze the orc priest!
The orc priest is almost dead.
You constrict something.
You constrict the orc priest, but do no damage.
The orc closely misses you.
You hear some strange, mumbled words.
A puff of flame appears from out of thin air!
The puff of flame hits you!
You die...

#.##.#######.## #.# #.#
#.# #.# ........# ##'##
#### ####.#### ##...##
#... .. ..
##.....#####.## ##.. #.
##.......#......
#....#o##..........##...
......o@)...............
.....#{##.....>....##...
... #. ##.......#.##...
. #. ##.....##...... ..
##...########. ## ##+##
#. #.# #. #<# #. ##.##
#.


You could see an orc priest and an orc.

Vanquished Creatures
  A bullfrog skeleton (D:4)
  An adder skeleton (D:2)
  2 orcs (D:4)
  A giant cockroach (D:1)
  2 hobgoblins (D:1)
  5 jackals
  4 kobolds
  6 bats
  4 frilled lizards
  2 goblins (D:1)
  2 rats
30 creatures vanquished.

Notes
Turn   | Place    | Note
-------+----------+-------------------------------------------
     0 | D:1      | MercyWheel the Octopode Wanderer began the quest for the
                  | Orb.
     0 | D:1      | MercyWheel set off with the following items: a +2 spear, 2
                  | scrolls of teleportation, a +0 dagger
     0 | D:1      | Reached XP level 1. HP: 14/14 MP: 1/1
    33 | D:1      | Found an iron altar of Okawaru.
    59 | D:1      | Reached XP level 2. HP: 14/19 MP: 2/2
   717 | D:2      | Reached XP level 3. HP: 24/24 MP: 3/3
  1202 | D:4      | Reached XP level 4. HP: 26/29 MP: 4/4
  1244 | D:4      | Killed from afar by an orc wizard

Illustrated notes

Levels and vault maps discovered:
D:1:      amcnicky_arrival_gap_in_the_tavern_cellar, layout_basic,
          okawaru_ov_weapons_minmay
D:2:      layout_basic, trog_butcher_becter
D:3:      layout_loops_ring, chequers_ecumenical_altar_grove, uniq_sigmund
D:4:      layout_loops_corners, uniq_blork_the_orc

Skill      XL: |  1  2  3 |
---------------+----------+-----
Polearms       | 3 |  3.0
Stealth        | 3 |  3.8
Dodging        | 2 |  2.3
Fighting       | |  2.0
Unarmed Combat | |  2.0
Evocations     | |  1.1

Action                   |  1- 3 |  4- 6 || total
-------------------------+-------+-------++-------
Melee: Spear             |    50 |    10 ||    60
       Constrict         |    11 |     3 ||    14
       Tentacles         |    10 |     3 ||    13
       Punch             |     1 |     1 ||     2
 Stab: Sleeping          |     6 |       ||     6
Armor: Skin              |     3 |     1 ||     4
Dodge: Dodged            |    15 |     3 ||    18
